 Dungeon Crawl Stone Soup version 0.32-a0-918-g0f22ef8d61 (webtiles) character file.

Game seed: 8008040316344246131

135 IdlyInterested the Trooper (level 4, -11/37 HPs)
             Began as a Demonspawn Gladiator on Apr 11, 2024.
             Mangled by Crazy Yiuf
             ... wielding a +4 quarterstaff of chaos
              (19 damage)
             ... on level 2 of the Dungeon.
             The game lasted 00:06:31 (1136 turns).

IdlyInterested the Trooper (Demonspawn Gladiator)   Turns: 1136, Time: 00:06:33

Health: -11/37     AC:  6    Str: 16    XL:     4   Next: 96%
Magic:  4/4        EV: 10    Int:  8    God:
Gold:   74         SH:  4    Dex: 15    Spells: 3/3 levels left

rFire   . . .        y - +0 spear (venom)
rCold   . . .        p - +0 buckler
rNeg    . . .        s - +0 ring mail
rPois   .            c - +0 helmet
rElec   .            (no cloak)
rCorr   .            (no gloves)
SInv    .            (no boots)
Will    .....        (no amulet)
Stlth   +            (no ring)
HPRegen 0.26/turn    (no ring)
MPRegen 0.09/turn

%: no passive effects
@: slowed, very slow
A: spiny 1, weakness stinger 1
a: no special abilities


You were on level 2 of the Dungeon.
You visited 1 branch of the dungeon, and saw 2 of its levels.

You collected 74 gold pieces.

Inventory:

Hand Weapons
 a - a +0 quarterstaff
 g - a +0 dagger
 i - a +0 club
 m - a +0 short sword
 r - a +0 trident
 w - a +2 dagger of venom
 y - a +0 spear of venom (weapon)
Missiles
 d - 3 throwing nets
 e - a javelin
 h - 18 stones (quivered)
Armour
 b - a +0 leather armour
 c - a +0 helmet (worn)
 f - a +0 robe
 p - a +0 buckler (worn)
 q - a +0 scale mail
 s - a +0 ring mail (worn)
Magical Staves
 z - a staff of air
Scrolls
 j - a scroll of torment {unknown}
 o - a scroll of enchant weapon {unknown}
 t - a scroll of poison {unknown}
 u - a scroll of vulnerability {unknown}
 v - a scroll of acquirement {unknown}
 x - a scroll of identify {unknown}
 A - a scroll of fear {unknown}
Potions
 k - a potion of ambrosia {unknown}
 l - a potion of heal wounds {unknown}
 n - a potion of magic


   Skills:
 + Level 4.0 Fighting
 - Level 3.0 Staves
 - Level 2.0 Throwing
 - Level 1.0 Armour
 - Level 3.0 Dodging
 * Level 0.0 Stealth
 - Level 1.0 Shields
 - Level 1.0 Unarmed Combat


You had 3 spell levels left.
You didn't know any spells.
Your spell library contained the following spells:

 Spells                   Type           Power      Damage    Failure   Level
 Kiss of Death            Conj/Necr      0%         2d5       73%         1
 Confusing Touch          Hex            0%         N/A       97%         3
 Dispel Undead            Necr           0%         3d6       100%        4


Dungeon Overview and Level Annotations

Branches:
Dungeon (2/15)

Altars:

Annotations:
D:2 Crazy Yiuf


Innate Abilities, Weirdness & Mutations

You are partially covered in sharp spines.
You have a small tail.


Message History

You see here a +0 ring mail.
You see here a +0 spear.
You see here a +0 ring mail.
HP restored.
You see here a hobgoblin corpse.
You see here a frilled lizard corpse.
There is a stone staircase leading up here.
You see here a ball python skeleton.
Crazy Yiuf shouts!
You open the door.
Crazy Yiuf screams, "Whippet sing-song unthinkable!"
You hit Crazy Yiuf but do no damage.
Crazy Yiuf is poisoned.
You tail-slap Crazy Yiuf.
Crazy Yiuf is moderately wounded.
Crazy Yiuf hits you with a +4 quarterstaff of chaos.
Crazy Yiuf burns you.
You hit Crazy Yiuf but do no damage.
Your tail-slap misses Crazy Yiuf.
Crazy Yiuf is moderately wounded.
Crazy Yiuf hits you with a +4 quarterstaff of chaos!
You convulse.
You barely miss Crazy Yiuf.
Your tail-slap misses Crazy Yiuf.
Crazy Yiuf is moderately wounded.
Crazy Yiuf says, "Crazy?
Crazy!?
PORCUPINE!"
Crazy Yiuf misses you.
You hit Crazy Yiuf but do no damage.
Crazy Yiuf is moderately wounded.
Crazy Yiuf barely misses you.
You hit Crazy Yiuf but do no damage.
Crazy Yiuf is moderately wounded.
Crazy Yiuf looks more healthy.
Crazy Yiuf hits you with a +4 quarterstaff of chaos.
You feel yourself slow down.
You barely miss Crazy Yiuf.
Your tail-slap misses Crazy Yiuf.
Crazy Yiuf is moderately wounded.
Crazy Yiuf closely misses you. Crazy Yiuf is struck by your spines.
Crazy Yiuf hits you with a +4 quarterstaff of chaos!
* * * LOW HITPOINT WARNING * * *
You are electrocuted!!
Ouch! That really hurt!
You die...

..............##.#######
##....###.######.......####
##....###.# #.#####....#
#...#....## ### ####.##
.†).#....# #..# .........#
########.# ..#......# ###
###.#...##.# .........#
#...##..#.......#
..##.....#
#...g@####PP....#
..##.....# #)..### ##..#.##
.........# ### ######
.####....# ..# ##...# ..#
##### ..# ### #


You could see Crazy Yiuf.

Vanquished Creatures
  An iguana (D:2)
  Natasha (twice) (D:2)
  An adder (D:2)
  A ribbon worm (D:2)
  2 dart slugs
  2 ball pythons (D:2)
  2 bats (D:1)
  4 endoplasms
  9 goblins
  3 hobgoblins (D:2)
  6 kobolds (D:1)
  A quokka (D:2)
  5 frilled lizards
  6 rats
45 creatures vanquished.

Notes
Turn   | Place    | Note
-------+----------+-------------------------------------------
     0 | D:1      | IdlyInterested the Demonspawn Gladiator began the quest for
                  | the Orb.
     0 | D:1      | Reached XP level 1. HP: 16/16 MP: 1/1
   130 | D:1      | Gained mutation: You are partially covered in sharp spines.
                  | [demonic ancestry]
   130 | D:1      | Reached XP level 2. HP: 22/22 MP: 2/2
   706 | D:2      | Reached XP level 3. HP: 28/28 MP: 3/3
   792 | D:2      | Noticed Natasha
   801 | D:2      | Killed Natasha
   802 | D:2      | Reached skill level 3 in Fighting
   802 | D:2      | Reached skill level 1 in Unarmed Combat
   803 | D:2      | Gained mutation: You have a small tail. [demonic ancestry]
   803 | D:2      | Reached XP level 4. HP: 32/35 MP: 4/4
   873 | D:2      | Found a runed translucent door.
   874 | D:2      | Noticed Crazy Yiuf
   943 | D:2      | Reached skill level 1 in Armour
   988 | D:2      | Noticed Natasha
   997 | D:2      | Killed Natasha
   998 | D:2      | Reached skill level 4 in Fighting
   998 | D:2      | Reached skill level 1 in Shields
  1136 | D:2      | Mangled by Crazy Yiuf

Illustrated notes

Levels and vault maps discovered:
D:1:      lightli_arrival_statuegarden, layout_basic
D:2:      layout_rooms, uniq_crazy_yiuf_cottage, uniq_natasha

Skill      XL: |  1  2  3  4 |
---------------+-------------+-----
Staves         | 3 |  3.0
Throwing       | 2 |  2.0
Dodging        | 3 |  3.0
Fighting       | 3 4 |  4.0
Unarmed Combat | 1 |  1.0
Armour         | 1 |  1.0
Shields        | 1 |  1.0

Action                     |  1- 3 |  4- 6 || total
---------------------------+-------+-------++-------
  Melee: Quarterstaff      |    48 |       ||    48
         Trident           |    20 |       ||    20
         Dagger            |     9 |     9 ||    18
         Spear             |       |    24 ||    24
         Tailslap          |       |     2 ||     2
  Throw: Stone             |     1 |       ||     1
    Use: Potion            |     1 |       ||     1
 Armour: Leather armour    |    21 |       ||    21
         Scale mail        |    10 |       ||    10
         Ring mail         |    11 |    16 ||    27
  Dodge: Dodged            |    42 |    12 ||    54
  Block: Buckler           |     3 |     4 ||     7

Table legend: (Time is in decaauts)
 A = Elapsed time spent in this place.
 B = Non-inter-level travel time spent in this place.
 C = Inter-level travel time spent in this place.
 D = Time resting spent in this place.
 E = Time spent auto-exploring this place.
 F = Levels seen in this place.
 G = Mean time per level.
                   A        B        C        D        E       F      G
               +--------+--------+--------+--------+--------+-----+--------+
         Total |   1148 |   1077 |     71 |     88 |    574 |   2 |  574.0 |
       Dungeon |   1148 |   1077 |     71 |     88 |    574 |   2 |  574.0 |
               +--------+--------+--------+--------+--------+-----+--------+

Top non-repeatable levels by time:
     D:1: 696 daAuts
     D:2: 452 daAuts
